 Dungeon Crawl Stone Soup version 0.22.0-38-g04b72b8 (console) character file.

94458 Robespierre the Fencer (level 15, -10/157 HPs)
             Began as a Demonspawn Monk on Aug 24, 2018.
             Was the Champion of Okawaru.
             Mangled by Rupert
             ... wielding a +3 triple sword of holy wrath
              (16 damage)
             ... on level 12 of the Dungeon on Aug 26, 2018.
             The game lasted 01:44:07 (32677 turns).

Robespierre the Fencer (Demonspawn Monk)           Turns: 32677, Time: 01:44:08

Health: -10/157    AC: 17    Str: 21    XL:     15   Next: 63%
Magic:  0/24       EV: 17    Int: 20    God:    Okawaru [******]
Gold:   2516       SH:  0    Dex: 20    Spells: 21/26 levels left

rFire    + + .     SeeInvis +   a - +1 triple sword (elec)
rCold    . . .     Gourm    +   (shield currently unavailable)
rNeg     . . .     Faith    .   y - +4 scale mail "Xoxy" {Slay+3}
rPois    .         Spirit   +   e - +0 hat {MR+}
rElec    .         Reflect  .   q - scarf {repulsion}
rCorr    .         Harm     .   (gloves unavailable)
MR       +....                  o - +0 pair of boots {run}
Stlth    ..........             j - amulet of Scepticism {Gourm +Inv rF++ MR-}
HPRegen  0.36/turn              r - ring "Nihiruurch" {Wiz Int+4 Dex+2 SInv}
MPRegen  0.19/turn              v - +3 ring of dexterity

@: berserking, repel missiles, very quick
A: claws 3, horns 1, icy blue scales 2, clever 1, spiny 2, magic shield
a: Heroism, Finesse, Renounce Religion, Evoke Invisibility


You were on level 12 of the Dungeon.
You worshipped Okawaru.
Okawaru was exalted by your worship.
You were full.

You visited 4 branches of the dungeon, and saw 22 of its levels.
You also visited: Labyrinth and Volcano.

You collected 2900 gold pieces.
You spent 384 gold pieces at shops.

Inventory:

Hand Weapons
 a - a +1 triple sword of electrocution (weapon)
 b - the +0 scimitar "Sor Hyd" {slice, +Blink +Rage Stlth+}
   (Okawaru gifted it to you on level 4 of the Lair of Beasts)

   It inflicts extra damage upon your enemies.
   It lets you blink.
   It lets you go berserk.
   It makes you more stealthy.
 c - the +1 great sword "Nefer" {pain, rF- MR+++ Str-3 Stlth+}
   (Okawaru gifted it to you on level 11 of the Dungeon)

   In the hands of one skilled in necromantic magic, it inflicts extra damage on
   living creatures.
   It affects your strength (-3).
   It makes you vulnerable to fire.
   It affects your resistance to hostile enchantments.
   It makes you more stealthy.
Armour
 e - a +0 hat of magic resistance (worn)
 o - a +0 pair of boots of running (worn)
 q - a scarf of repulsion (worn)
 y - the +4 scale mail "Xoxy" (worn) {Slay+3}
   (You found it on level 12 of the Dungeon)

   It affects your accuracy and damage with ranged weapons and melee attacks
   (+3).
 Y - the +5 chain mail of Wariness {rF+}
   (You found it on level 11 of the Dungeon)

   It protects you from fire.
Jewellery
 h - an uncursed ring of ice
 i - an uncursed ring of protection from magic
 j - the amulet of Scepticism (around neck) {Gourm +Inv rF++ MR-}
   (You found it on level 8 of the Dungeon)

   [amulet of the gourmand]

   It allows you to eat raw meat even when not hungry.
   It greatly protects you from fire.
   It affects your resistance to hostile enchantments.
   It lets you turn invisible.
 r - the ring "Nihiruurch" (left claw) {Wiz Int+4 Dex+2 SInv}
   (You found it on level 4 of the Lair of Beasts)

   [ring of wizardry]

   It improves your spell success rate.
   It affects your intelligence (+4).
   It affects your dexterity (+2).
   It lets you see invisible.
 u - an uncursed ring of positive energy
 v - a +3 ring of dexterity (right claw)
Wands
 l - a wand of iceblast (3)
 m - a wand of disintegration (11)
 s - a wand of flame (64)
 w - a wand of paralysis (19)
 B - a wand of polymorph (42)
 E - a wand of random effects (77)
Scrolls
 f - 6 scrolls of fog
 g - 10 scrolls of teleportation
 k - 4 scrolls of magic mapping
 t - 6 scrolls of immolation
 x - 3 scrolls of holy word {unknown}
 C - a scroll of amnesia
 F - 2 scrolls of torment
 G - 2 scrolls of random uselessness
 H - 2 scrolls of blinking
Potions
 d - 2 potions of magic
 p - 2 potions of flight
 z - a potion of resistance
 A - 2 potions of haste {unknown}
 I - 2 potions of lignification
 J - a potion of curing
Comestibles
 n - 44 rations


   Skills:
 - Level 6.0 Fighting
 + Level 15.9 Long Blades
 + Level 9.7 Armour
 + Level 9.7 Dodging
 - Level 1.7 Stealth
 - Level 6.0 Spellcasting
 - Level 12.0 Conjurations
 - Level 8.0 Invocations
 - Level 6.0 Evocations


You had 21 spell levels left.
You knew the following spells:

 Your Spells              Type           Power        Failure   Level  Hunger
b - Blink                 Tloc           N/A          14%         2    None
c - Mephitic Cloud        Conj/Pois/Air  ###.....     6%          3    ##.....

Your spell library contained the following spells:

 Spells                   Type           Power        Failure   Level  Hunger
 Flame Tongue             Conj/Fire      ####.        1%          1    None
 Magic Dart               Conj           ####         1%          1    None
 Shock                    Conj/Air       ####         1%          1    None
 Throw Flame              Conj/Fire      ####..       1%          2    None
 Conjure Flame            Conj/Fire      ####....     2%          3    ##.....
 Dazzling Spray           Conj/Hex       ####..       2%          3    ##.....
 Static Discharge         Conj/Air       ####....     2%          3    ##.....
 Sticky Flame             Conj/Fire      ####....     9%          4    ####...
 Call Imp                 Summ           #.......     14%         2    None
 Shroud of Golubria       Chrm/Tloc      #.........   14%         2    None
 Slow                     Hex            #.......     14%         2    None
 Swiftness                Chrm/Air       #.......     14%         2    None
 Fireball                 Conj/Fire      ####......   22%         5    #####..
 Iskenderun's Battlesphe  Conj/Chrm      ####....     22%         5    #####..
 Lightning Bolt           Conj/Air       ####......   22%         5    #####..
 Inner Flame              Hex/Fire       #.......     26%         3    ##.....
 Lesser Beckoning         Tloc           #.........   26%         3    ##.....
 Ozocubu's Armour         Chrm/Ice       #.......     26%         3    ##.....
 Spectral Weapon          Hex/Chrm       #.......     26%         3    ##.....
 Spider Form              Tmut/Pois      #.........   26%         3    ##.....
 Airstrike                Air            #.........   65%         4    ####...
 Olgreb's Toxic Radiance  Pois           #.......     65%         4    ####...
 Bolt of Cold             Conj/Ice       ####......   73%         6    #######
 Bolt of Fire             Conj/Fire      ####......   73%         6    #######
 Silence                  Hex/Air        #.........   92%         5    #####..
 Summon Forest            Summ/Tloc      #.........   92%         5    #####..
 Deflect Missiles         Chrm/Air       #.........   100%        6    #######
 Dispersal                Tloc           #.........   100%        6    #######


Dungeon Overview and Level Annotations

Branches:
Dungeon (13/15)            Temple (1/1) D:4            Lair (6/6) D:11
 Shoals (0/4) Lair:3       Spider (0/4) Lair:3        Slime (0/5) Lair:6
    Orc (2/2) D:12            Elf (0/3) Orc:2
 Vaults: D:13-14

Altars:
Ashenzari
Cheibriados
Dithmenos
Elyvilon
Fedhas
Gozag
Hepliaklqana
Kikubaaqudgha
Makhleb
Nemelex Xobeh
Okawaru
Qazlal
Ru
Sif Muna
Trog
Uskayaw
Vehumet
Wu Jian
Xom
Yredelemnul
Zin
The Shining One
Jiyva

Shops:
D:7 =   D:11 [   Orc:2 (**:

Annotations:
D:12 Rupert


Innate Abilities, Weirdness & Mutations

You have claws for hands.
You are mostly covered in icy blue scales. (AC +3)
You are mostly covered in sharp spines.
When hurt, damage is shared between your health and your magic reserves.
You have a pair of small horns on your head.
Your mind is acute. (Int +2)


Message History

You hear the crackle of electricity.
a - a +1 triple sword of electrocution (weapon)
You feel a strong urge to attack something.
Rupert is struck by your spines.
Rupert hits you with a triple sword of holy wrath!!!
* * * LOW HITPOINT WARNING * * *
You convulse!!
* * * LOW HITPOINT WARNING * * *
You open Rupert like a pillowcase!!! Lightning courses through Rupert!
You headbutt Rupert, but do no damage.
Rupert is moderately wounded.
Unknown command.
You slice Rupert!! You headbutt Rupert!
Rupert is heavily wounded.
You hear a roar!
You hear an angry hiss.
Rupert is struck by your spines.
Rupert hits you with a triple sword of holy wrath!
* * * LOW HITPOINT WARNING * * *
You convulse!
You die...

#....'....#....#.........###.....
###########....'.........##......
#....#.......[.#...#...
#....#.........#.#####.
#....#.........### ##
#....#.........#
+##############'### # #### ....
#P.P.P.P..#.## ###..#


Z..SD #@........#..## .....# l.....#@........#...## # #..#.#
......'.P.P.P.P.###..### #..### ################# ##.... ..## #..## ##..< ###
##..### ##.. #....### #..# #......####..# ##...........## You could see Rupert
(berserk).

Vanquished Creatures
  Gastronok (D:8)
  A fire giant (D:12)
  A dire elephant (Lair:6)
  Nessos (Lair:6)
  A red draconian (Volcano)
  A minotaur (Lab)
  The ghost of Zegetoc the Severer, a journeyman MiBe of Trog (Lair:4)
  Snorg (D:12)
  A fire dragon (Lair:6)
  Erolcha (D:9)
  Harold (D:9)
  A rakshasa (D:12)
  6 catoblepae
  8 hydras
  2 two-headed ogres
  Erica (D:8)
  2 centaur warriors
  A dancing weapon (Lair:4)
  2 deep troll earth magi
  A hell hog (Orc:2)
  9 death yaks
  3 orc high priests (Orc:2)
  Urug (Lair:4)
  A fire crab (Lair:6)
  A skeletal warrior (D:12)
  A swamp dragon (Lair:6)
  2 unseen horrors
  An obsidian statue (Volcano)
  Pikel (D:9)
  5 orc knights (Orc:2)
  A lindwurm (Lair:6)
  2 cyclopes
  A faun (Lair:5)
  2 deep elf magi
  An oklob plant (Lair:3)
  3 orc sorcerers (Orc:2)
  3 manticores
  29 elephants
  2 centaur zombies (D:12)
  7 spiny frogs
  5 black mambas (Lair:6)
  2 torpor snails
  A gargoyle (D:10)
  A yaktaur (Volcano)
  5 rime drakes (Lair:6)
  8 komodo dragons
  2 polar bears
  6 trolls
  Prince Ribbit (D:7)
  14 slime creatures
  11 dream sheep
  A hornet (D:8)
  4 blink frogs (Lair:5)
  11 hippogriffs
  Sigmund (D:3)
  2 redbacks (Lab)
  6 basilisks (Lair:6)
  5 fire bats (Volcano)
  38 yaks
  2 wyverns
  3 steam dragons (Lair:6)
  2 fire elementals
  A human (shapeshifter) (D:8)
  2 hungry ghosts
  4 wargs
  An acid dragon (Lair:6)
  4 hell hounds
  12 water moccasins
  2 swamp drakes (Lair:6)
  20 orc warriors
  2 ice beasts
  11 porcupines
  Purgy (D:3)
  A black bear (D:6)
  2 eyes of draining
  A necrophage (D:7)
  13 ogres
  24 wolves
  5 centaurs
  13 crocodiles
  A big kobold (D:12)
  14 bullfrogs
  A wyvern zombie (D:12)
  4 scorpions
  8 wights
  3 howler monkeys
  2 electric eels (Lair:2)
  5 crimson imps
  5 jellies
  3 bullfrog zombies
  6 lava snakes (Volcano)
  A quasit (D:8)
  19 orc priests
  Crazy Yiuf (D:2)
  6 hounds
  23 orc wizards
  2 centaur skeletons
  13 worker ants
  5 iguanas
  2 hound zombies
  4 gnolls (D:7)
  10 adders
  2 shadow imps
  An ooze (D:2)
  2 adder skeletons
  4 worms
  4 dart slugs
  2 leopard geckos
  65 orcs
  4 giant cockroaches
  5 goblins
  7 hobgoblins
  13 jackals
  4 quokkas
  A ball python (D:1)
  7 bats
  6 frilled lizards
  A jackal skeleton (D:4)
  15 kobolds
  2 leopard gecko skeletons
  A quokka zombie (D:5)
  7 rats
652 creatures vanquished.

Vanquished Creatures (others)
  A harpy skeleton (D:13)
  A yak (D:9)
  A slave (D:9)
  An ogre (D:9)
  A centaur (D:13)
  An orc priest (Orc:2)
  An iguana (D:9)
  9 fungi
  7 plants
23 creatures vanquished.

Grand Total: 675 creatures vanquished

Notes
Turn   | Place    | Note
-------+----------+-------------------------------------------
     0 | D:1      | Robespierre the Demonspawn Monk began the quest for the Orb.
     0 | D:1      | Reached XP level 1. HP: 18/18 MP: 1/1
    91 | D:1      | Gained mutation: You have sharp fingernails. [demonic ancestry]
    91 | D:1      | Reached XP level 2. HP: 16/24 MP: 2/2
   151 | D:1      | Reached skill level 3 in Long Blades
   155 | D:1      | Reached skill level 1 in Armour
   674 | D:1      | Reached XP level 3. HP: 27/29 MP: 3/3
  1477 | D:2      | Found a snail-covered altar of Cheibriados.
  1762 | D:2      | Gained mutation: You are partially covered in icy blue scales. (AC +2) [demonic ancestry]
  1762 | D:2      | Reached XP level 4. HP: 35/35 MP: 4/4
  1765 | D:2      | Found a basalt altar of Yredelemnul.
  2128 | D:2      | Found a runed door.
  2979 | D:3      | Noticed Sigmund
  3200 | D:3      | Noticed an ogre
  3314 | D:2      | Gained mutation: You have a pair of small horns on your head. [potion of mutation]
  3314 | D:2      | Gained mutation: Your mind is acute. (Int +2) [potion of mutation]
  3314 | D:2      | HP: 1/35 [poisoned by an adder]
  3647 | D:3      | Killed Sigmund
  3647 | D:3      | Reached skill level 5 in Long Blades
  3647 | D:3      | Gained mutation: You are partially covered in sharp spines. [demonic ancestry]
  3647 | D:3      | Reached XP level 5. HP: 35/41 MP: 5/5
  3647 | D:3      | Reached XP level 6. HP: 40/47 MP: 6/6
  4071 | D:3      | Found a sparkling altar of Nemelex Xobeh.
  4192 | D:2      | Noticed Crazy Yiuf
  4197 | D:2      | Killed Crazy Yiuf
  4404 | D:3      | Noticed Purgy
  4414 | D:3      | Killed Purgy
  4414 | D:3      | Reached skill level 6 in Long Blades
  4643 | D:3      | Gained mutation: You have very sharp fingernails. [demonic ancestry]
  4643 | D:3      | Reached XP level 7. HP: 36/52 MP: 7/7
  4973 | D:4      | Found a staircase to the Ecumenical Temple.
  4982 | Temple   | Entered the Ecumenical Temple
  5025 | Temple   | Became a worshipper of Warmaster Okawaru
  5025 | Temple   | Reached * piety under Okawaru
  5025 | Temple   | Reached ** piety under Okawaru
  5161 | D:4      | Found a burning altar of Makhleb.
  5169 | D:4      | Reached skill level 7 in Long Blades
  5642 | D:5      | Entered Level 5 of the Dungeon
  5792 | D:5      | Found an opulent altar of Gozag.
  6185 | D:5      | Reached skill level 8 in Long Blades
  6330 | D:5      | Found a hazy altar of Hepliaklqana.
  6331 | D:5      | Found a bloodstained altar of Trog.
  6417 | D:5      | Gained mutation: When hurt, damage is shared between your health and your magic reserves. [demonic ancestry]
  6417 | D:5      | Reached XP level 8. HP: 51/58 MP: 8/8
  6556 | D:6      | Found a hide-covered altar of Uskayaw.
  6919 | D:6      | Reached skill level 9 in Long Blades
  6953 | D:6      | Found a shadowy altar of Dithmenos.
  7290 | D:6      | Reached *** piety under Okawaru
  7700 | D:6      | Reached XP level 9. HP: 63/63 MP: 12/12
  7964 | D:6      | Found a sacrificial altar of Ru.
  8273 | D:7      | Reached skill level 5 in Armour
  8273 | D:7      | Reached skill level 5 in Dodging
  8316 | D:7      | Noticed Prince Ribbit
  8325 | D:7      | Killed Prince Ribbit
  8410 | D:7      | Reached **** piety under Okawaru
  9032 | D:7      | Gained mutation: You are mostly covered in sharp spines. [demonic ancestry]
  9032 | D:7      | Reached XP level 10. HP: 69/69 MP: 11/13
  9267 | D:7      | Found Kappij's Jewellery Boutique.
  9270 | D:7      | Bought a cursed ring of teleportation for 58 gold pieces
  9270 | D:7      | Bought a cursed amulet of inaccuracy for 26 gold pieces
  9270 | D:7      | Bought a cursed ring of attention for 58 gold pieces
  9786 | D:8      | Noticed Gastronok
 10457 | D:8      | Noticed Erica
 10487 | D:8      | Killed Erica
 10667 | D:8      | Found a shimmering altar of Xom.
 10669 | D:8      | Found a white marble altar of Elyvilon.
 10669 | D:8      | Found a shattered altar of Ashenzari.
 10671 | D:8      | Found a hazy altar of Hepliaklqana.
 10671 | D:8      | Found a burning altar of Makhleb.
 10671 | D:8      | Found a sacrificial altar of Ru.
 10676 | D:8      | Got a brightly glowing iron amulet
 10677 | D:8      | Identified the amulet of Scepticism {Gourm +Inv rF++ MR-} (You found it on level 8 of the Dungeon)
 10782 | D:8      | Killed Gastronok
 10782 | D:8      | Reached ***** piety under Okawaru
 10952 | D:9      | Noticed Pikel
 11077 | D:9      | Noticed Harold
 11136 | D:9      | Reached XP level 11. HP: 56/78 MP: 12/14
 11143 | D:9      | Received a gift from Okawaru
 11144 | D:9      | Got a pair of crude gloves {god gift}
 11151 | D:9      | Killed Pikel
 11152 | D:9      | Killed Harold
 11445 | D:9      | Identified the +0 pair of gloves of Vlad {rCorr} (Okawaru gifted it to you on level 9 of the Dungeon)
 11466 | D:9      | Reached skill level 5 in Fighting
 11550 | D:9      | Found a burning altar of Makhleb.
 11704 | D:9      | Noticed Erolcha
 11720 | D:9      | Killed Erolcha
 11720 | D:9      | Reached skill level 5 in Invocations
 11815 | D:9      | Noticed a two-headed ogre
 11818 | D:9      | Killed a two-headed ogre
 12191 | D:10     | Entered Level 10 of the Dungeon
 12265 | D:10     | Killed an unseen horror
 12911 | D:10     | Reached skill level 10 in Long Blades
 13037 | D:11     | Noticed a five-headed hydra
 13049 | D:11     | Killed a one-headed hydra
 13240 | D:11     | Found Metinayl's Antique Armour Emporium.
 13358 | D:11     | Got a heavily runed chain mail
 13522 | D:11     | Identified the +5 chain mail of Wariness {rF+} (You found it on level 11 of the Dungeon)
 13569 | D:11     | Found a staircase to the Lair.
 13674 | D:11     | Learned a level 2 spell: Blink
 13678 | D:11     | Learned a level 3 spell: Mephitic Cloud
 13739 | D:11     | Received a gift from Okawaru
 13740 | D:11     | Got an ebony great sword {god gift}
 13741 | D:11     | Identified the +1 great sword "Nefer" {pain, rF- MR+++ Str-3 Stlth+} (Okawaru gifted it to you on level 11 of the Dungeon)
 13781 | D:11     | Noticed a deep elf mage
 13803 | D:11     | Killed a deep elf mage
 13803 | D:11     | Reached skill level 1 in Conjurations
 13994 | Lair:1   | Entered Level 1 of the Lair of Beasts
 14028 | Lair:1   | Noticed a six-headed hydra
 14036 | Lair:1   | Killed a three-headed hydra
 14036 | Lair:1   | Reached XP level 12. HP: 61/88 MP: 12/18
 14102 | Lair:1   | Found a dark tunnel.
 14258 | Volcano  | Entered a volcano
 14365 | Volcano  | Reached skill level 5 in Spellcasting
 14418 | Volcano  | Noticed a red draconian
 14426 | Volcano  | Noticed a centaur warrior
 14437 | Volcano  | Killed a centaur warrior
 14439 | Volcano  | Found a burning altar of Makhleb.
 14447 | Volcano  | Killed a red draconian
 14993 | Volcano  | Got a fine dagger
 15100 | Lair:1   | Noticed a seven-headed hydra
 15109 | Lair:1   | Killed a three-headed hydra
 15109 | Lair:1   | Reached skill level 11 in Long Blades
 15137 | Lair:1   | Noticed an eight-headed hydra
 15143 | Lair:1   | Killed a six-headed hydra
 15478 | Lair:1   | Received a gift from Okawaru
 15520 | Lair:1   | Got a smoking robe {god gift}
 16219 | Lair:1   | Noticed a six-headed hydra
 16228 | Lair:1   | Killed a two-headed hydra
 16540 | Lair:2   | Identified the +1 robe of Cotoiklo {MR+ Stlth+} (Okawaru gifted it to you on level 1 of the Lair of Beasts)
 16541 | Lair:2   | Identified the +0 dagger of the Briny Deep {venom, *Corrode +Inv MP+9} (You found it in a volcano)
 16617 | Lair:2   | Reached skill level 12 in Long Blades
 16786 | Lair:2   | Noticed a catoblepas
 16786 | Lair:2   | Noticed a death yak
 16815 | Lair:2   | Noticed a death yak
 16843 | Lair:2   | HP: 2/88 [electric eel/bolt of electricity (11)]
 17183 | Lair:2   | Killed a death yak
 17183 | Lair:2   | Reached skill level 5 in Conjurations
 17425 | Lair:2   | Noticed a seven-headed hydra
 17465 | Lair:2   | Reached XP level 13. HP: 67/93 MP: 16/22
 17526 | Lair:2   | Reached skill level 1 in Evocations
 18794 | D:12     | Found a staircase to the Orcish Mines.
 19018 | D:12     | Got a transparent scale mail
 19029 | D:12     | Identified the +4 scale mail "Xoxy" {Slay+3} (You found it on level 12 of the Dungeon)
 19257 | D:12     | Noticed Snorg
 19279 | D:12     | Upgraded the game from 0.22.0-32-gbc6daba to 0.22.0-38-g04b72b8
 19707 | D:12     | Killed Snorg
 19707 | D:12     | Reached skill level 5 in Evocations
 19932 | Orc:1    | Entered Level 1 of the Orcish Mines
 20531 | Orc:1    | Received a gift from Okawaru
 20714 | Orc:2    | Entered Level 2 of the Orcish Mines
 21212 | Orc:2    | Noticed Azrael
 21998 | Orc:2    | Noticed Azrael
 21998 | Orc:2    | Azrael changed into Azrael the hell hog
 22029 | Orc:2    | Killed Azrael the hell hog
 22299 | Orc:2    | Found a staircase to the Elven Halls.
 23858 | Orc:2    | Found Irops's Book Shoppe.
 23858 | Orc:2    | Found Tomus's Weapon Shop.
 23860 | Orc:2    | Found Piwubafri's General Store.
 23860 | Orc:2    | Found Janoch's Assorted Antiques.
 23868 | Orc:2    | Bought a scroll of immolation for 38 gold pieces
 23868 | Orc:2    | Bought a scroll of identify for 22 gold pieces
 23868 | Orc:2    | Bought a potion of curing for 33 gold pieces
 23868 | Orc:2    | Bought a scroll of identify for 22 gold pieces
 23868 | Orc:2    | Bought a scroll of identify for 22 gold pieces
 23869 | Orc:2    | Bought an ancient iron ring for 105 gold pieces
 23872 | Orc:2    | Identified the cursed ring "Tuvvus" {AC-2 Stlth+} (You bought it in a shop on level 2 of the Orcish Mines)
 24128 | Lair:3   | Reached skill level 10 in Conjurations
 24162 | Lair:3   | Found a labyrinth entrance.
 24212 | Lab      | Entered a labyrinth
 24317 | Lab      | Reached ****** piety under Okawaru
 24530 | Lab      | Noticed a minotaur
 24542 | Lab      | Killed a minotaur
 24542 | Lab      | Received a gift from Okawaru
 24553 | Lab      | Identified the Disquisition on Enhancements
 24561 | Lab      | Identified the Reference Book on Excruciating Contamination
 24873 | Lair:3   | Found a hole to the Spider Nest.
 24985 | Lair:3   | Found a staircase to the Shoals.
 25011 | Lair:3   | Gained mutation: You are mostly covered in icy blue scales. (AC +3) [demonic ancestry]
 25011 | Lair:3   | Reached XP level 14. HP: 96/100 MP: 12/23
 25555 | Lair:4   | Found a runed door.
 25644 | Lair:4   | Received a gift from Okawaru
 25645 | Lair:4   | Got a dazzling scimitar {god gift}
 25667 | Lair:4   | Found a shimmering altar of Xom.
 25667 | Lair:4   | Noticed Zegetoc's ghost (journeyman MiBe)
 25834 | Lair:3   | Identified the +0 scimitar "Sor Hyd" {slice, +Blink +Rage Stlth+} (Okawaru gifted it to you on level 4 of the Lair of Beasts)
 26515 | Lair:4   | Received a gift from Okawaru
 26687 | Lair:4   | You fall through a shaft for 2 floors!
 26687 | Lair:6   | Entered Level 6 of the Lair of Beasts
 26692 | Lair:6   | Reached skill level 13 in Long Blades
 27135 | Lair:5   | Received a gift from Okawaru
 27841 | Lair:6   | Reached skill level 14 in Long Blades
 28569 | Lair:6   | Gained mutation: You have claws for hands. [demonic ancestry]
 28569 | Lair:6   | Reached XP level 15. HP: 62/105 MP: 21/24
 29111 | Lair:6   | Reached skill level 15 in Long Blades
 29357 | Lair:6   | Found a viscous altar of Jiyva.
 29357 | Lair:6   | Found a staircase to the Slime Pits.
 29437 | Lair:6   | Received a gift from Okawaru
 29452 | Lair:6   | Identified a +0 pair of boots of running (Okawaru gifted it to you on level 6 of the Lair of Beasts)
 29457 | Lair:6   | Noticed Nessos
 29496 | Lair:6   | Killed Nessos
 30163 | Lair:6   | Identified Pihi's Disquisition on Translocation and Feathers
 30578 | Lair:4   | Noticed Urug
 30591 | Lair:4   | Killed Urug
 30940 | Lair:4   | Killed Zegetoc's ghost
 30945 | Lair:4   | Got a scorched iron ring
 30948 | Lair:4   | Identified the ring "Nihiruurch" {Wiz Int+4 Dex+2 SInv} (You found it on level 4 of the Lair of Beasts)
 31764 | D:12     | Noticed a fire giant
 32228 | D:12     | Killed a fire giant
 32662 | D:12     | Noticed Rupert
 32677 | D:12     | HP: 6/157 [Rupert/triple sword of holy wrath (13)]
 32677 | D:12     | Mangled by Rupert

Skill      XL: |  1  2  3  4  5  6  7  8  9 10 11 12 13 14 15 |
---------------+----------------------------------------------+-----
Long Blades    | 3 5 6 8 9 10 12 14 15 | 15.9
Dodging        | 3 4 7 8 9 |  9.7
Armour         | 1 2 3 4 7 8 9 |  9.7
Invocations    | 4 8 |  8.0
Fighting       | 4 6 |  6.0
Spellcasting   | 4 6 |  6.0
Conjurations   | 2 6 10 12 | 12.0
Evocations     | 6 |  6.0
Stealth        | |  1.7

Action                   |  1- 3 |  4- 6 |  7- 9 | 10-12 | 13-15 || total
-------------------------+-------+-------+-------+-------+-------++-------
Melee: Falchion          |   144 |   139 |       |       |       ||   283
       Headbutt          |       |    16 |    46 |   134 |   299 ||   495
       Quarterstaff      |       |    17 |   224 |    71 |       ||   312
       Long sword        |       |       |     5 |       |       ||     5
       Scimitar          |       |       |       |   344 |   260 ||   604
       Punch             |       |       |       |     2 |       ||     2
       Great sword       |       |       |       |   113 |   243 ||   356
       Triple sword      |       |       |       |       |   379 ||   379
       Demon blade       |       |       |       |       |     8 ||     8
 Cast: Mephitic Cloud    |       |       |       |     7 |    80 ||    87
       Blink             |       |       |       |       |     1 ||     1
Invok: Heroism           |       |       |       |     8 |     1 ||     9
       Finesse           |       |       |       |     1 |       ||     1
 Abil: Evoke Berserk Rag |       |       |       |       |    13 ||    13
Evoke: Wand              |       |       |    19 |    25 |    35 ||    79
  Use: Potion            |       |     5 |       |    10 |     3 ||    18
       Scroll            |       |     3 |     4 |    11 |    13 ||    31
 Stab: Sleeping          |     5 |     3 |       |     6 |     5 ||    19
       Invisible         |       |     1 |       |       |       ||     1
       Paralysed         |       |       |     3 |     6 |     6 ||    15
       Confused          |       |       |     1 |     1 |    42 ||    44
       Petrifying        |       |       |       |       |     1 ||     1
       Petrified         |       |       |       |       |     1 ||     1
  Eat: Chunk             |     3 |     9 |    10 |    39 |    71 ||   132
       Ration            |       |       |     1 |       |       ||     1
Armor: Robe              |    23 |    20 |       |    19 |    24 ||    86
       Skin              |       |     7 |       |    16 |       ||    23
       Scale mail        |       |    37 |    93 |     5 |   367 ||   502
       Ring mail         |       |       |       |    84 |       ||    84
       Chain mail        |       |       |       |   124 |     8 ||   132
Dodge: Dodged            |    98 |   104 |    99 |   294 |   656 ||  1251
       Deflected         |       |       |       |       |    23 ||    23
       Rpst.: Falchion   |    31 |    39 |       |       |       ||    70
       Scimitar          |       |       |       |    35 |    30 ||    65
       Great sword       |       |       |       |    22 |    35 ||    57
       Triple sword      |       |       |       |       |    73 ||    73
